 Dungeon Crawl Stone Soup version 0.31-a0-564-g3b7de120b3 (webtiles) character file.

Game seed: 11802978658648355880

2404352 bobo the Skinwalker (level 27, 243/254 HPs)
             Began as a Red Draconian Shapeshifter on Aug 13, 2023.
             Was the Champion of the Shining One.
             Escaped with the Orb
             ... and 4 runes on Aug 18, 2023!
             The game lasted 04:31:54 (66702 turns).

bobo the Skinwalker (Red Draconian Shapeshifter)   Turns: 66702, Time: 04:31:55

Health: 243/254    AC: 24    Str: 30    XL:     27
Magic:  24/37      EV: 43    Int: 15    God:    the Shining One [******]
Gold:   6013       SH:  5    Dex: 13    Spells: 27/38 levels left

rFire   . .          .
                       - Unarmed
rCold   + . .        (shield currently unavailable)
rNeg    + + +        (body armour unavailable)
rPois   ∞            (helmet currently unavailable)
rElec   +            Z - melded +2 cloak {rCorr}
rCorr   +            q - melded +3 pair of gauntlets of War {Slay+5}
SInv    .            Y - melded +0 pair of boots "Lyts" {rCorr Slay+3}
Will    ++...        j - amulet "Ywox Dashecw" {Reflect +Blink Str+4 SH+5}
Stlth   +            K - ring of the Tortoise {AC+8}
HPRegen 0.62/turn    V - ring "Riacush" {Wiz rC+ rCorr Int+4}
MPRegen 0.25/turn

%: reflection, wizardry (x1)
@: storm-form, flying, glowing, studying 2 skills
A: cleaving, insubstantial, flying, (breathe fire), AC +13, unfitting armour,
(fire resistance 2), (cold-blooded), weak 1, no potion heal 1, (cold
vulnerability 1), inability to drink after injury 1
0: Orb of Zot
}: 4/15 runes: serpentine, barnacled, silver, abyssal
a: Blinkbolt, Begin Untransformation, Renounce Religion, Evoke Blink, Divine
Shield, Cleansing Flame, Summon Divine Warrior, Brand Weapon With Holy Wrath


You escaped.
You worshipped the Shining One.
The Shining One was exalted by your worship.
You were a lightning-filled tempest!
You visited 11 branches of the dungeon, and saw 51 of its levels.
You visited the Abyss 5 times.
You visited 1 bazaar.
You also visited: Ossuary and Gauntlet.

You collected 8210 gold pieces.
You spent 2197 gold pieces at shops.

Inventory:

Missiles
 I - 2 throwing nets
Armour
 q - the +3 pair of gauntlets of War (melded) {Slay+5}
   (You found it on level 5 of the Vaults)

   Slay+5:    It affects your accuracy & damage with ranged weapons and melee
   (+5).
 Y - the +0 pair of boots "Lyts" (melded) {rCorr Slay+3}
   (You bought it in a shop on level 1 of the Elven Halls)

   Slay+3:    It affects your accuracy & damage with ranged weapons and melee
   (+3).
   rCorr:     It protects you from acid and corrosion.
 Z - a +2 cloak of preservation (melded)
Jewellery
 j - the amulet "Ywox Dashecw" (around neck) {Reflect +Blink Str+4 SH+5}
   (You took it off a tengu reaver on level 5 of the Vaults)

   [amulet of reflection]

   Reflect:   It reflects blocked missile attacks.
   Str+4:     It affects your strength (+4).
   +Blink:    It lets you blink.
   SH+5:      It affects your SH (+5).
 n - the ring "Isul" {rC+ rN++ Str+5 SInv}
   (You found it on level 5 of the Vaults)

   [ring of see invisible]

   Str+5:     It affects your strength (+5).
   rC+:       It protects you from cold.
   rN++:      It greatly protects you from negative energy.
   SInv:      It lets you see invisible.
 B - a +6 ring of strength
 K - the ring of the Tortoise (left fist) {AC+8}
   (You found it on level 5 of the Vaults)

   [ring of protection]

   AC+8:      It affects your AC (+8).
 M - the amulet of Gits {Faith rC+ rN+}
   (You found it on level 5 of the Vaults)

   [amulet of faith]

   Faith:     It allows you to gain divine favour quickly.
   rC+:       It protects you from cold.
   rN+:       It protects you from negative energy.
 V - the ring "Riacush" (right fist) {Wiz rC+ rCorr Int+4}
   (You bought it in a shop in a bazaar)

   [ring of wizardry]

   Wiz:       It improves your spell success rate.
   Int+4:     It affects your intelligence (+4).
   rC+:       It protects you from cold.
   rCorr:     It protects you from acid and corrosion.
Talismans
 s - a storm talisman (active)
 R - a maw talisman
Wands
 b - a wand of digging (3)
 v - a wand of mindburst (17)
 C - a wand of quicksilver (9)
 G - a wand of polymorph (49)
 O - a wand of iceblast (27)
 S - a wand of paralysis (49)
 T - a wand of flame (56)
Scrolls
 c - 2 scrolls of brand weapon
 f - 5 scrolls of fog
 g - 13 scrolls of immolation
 h - 4 scrolls of fear
 i - a scroll of revelation
 l - 2 scrolls of silence
 m - 14 scrolls of teleportation
 u - 3 scrolls of butterflies
 w - 7 scrolls of amnesia
 y - 4 scrolls of vulnerability
 A - 6 scrolls of poison
 N - 5 scrolls of enchant weapon
 P - 7 scrolls of blinking
 Q - 7 scrolls of enchant armour
Potions
 a - 8 potions of lignification
 d - 12 potions of brilliance
 k - 26 potions of curing
 o - 5 potions of heal wounds
 p - 4 potions of ambrosia
 r - a potion of might
 t - 3 potions of enlightenment
 x - 8 potions of attraction
 z - 8 potions of mutation
 D - 3 potions of cancellation
 E - 6 potions of haste
 F - 3 potions of magic
 H - 4 potions of berserk rage
 J - 3 potions of resistance
Miscellaneous
 e - a phial of floods
 U - a condenser vane
 W - a phantom mirror (inert)
 X - a lightning rod (4/4)


   Skills:
 + Level 22.3 Fighting
 + Level 19.2 Dodging
 + Level 20.7 Unarmed Combat
 - Level 6.0 Spellcasting
 - Level 9.0 Translocations
 - Level 4.0 Transmutations
 - Level 6.0 Air Magic
 + Level 21.2 Invocations
 - Level 14.0 Evocations
 + Level 23.0 Shapeshifting


You had 27 spell levels left.
You knew the following spells:

 Your Spells              Type           Power      Damage    Failure   Level
a - Wereblood             Tmut           16%        N/A       1%          2
c - Vhi's Electric Charg  Tloc/Air       54%        N/A       1%          3
z - Manifold Assault      Tloc           31%        N/A       1%          4
Z - Blink                 Tloc           62%        N/A       1%          2

Your spell library contained the following spells:

 Spells                   Type           Power      Damage    Failure   Level
 Lesser Beckoning         Tloc           62%        N/A       1%          2
 Gell's Gravitas          Tloc           31%        N/A       1%          3
 Teleport Other           Tloc           31%        N/A       1%          3
 Sting                    Tmut/Pois      40%        1d5       2%          1
 Poisonous Vapours        Pois/Air       26%        N/A       2%          2
 Static Discharge         Conj/Air       26%        2-4/arc   2%          2
 Portal Projectile        Hex/Tloc       36%        N/A       2%          3
 Volatile Blastmotes      Fire/Tloc      36%        2d13      2%          3
 Passwall                 Tmut/Erth      8%         N/A       4%          2
 Airstrike                Air            11%        2d(2-18)  4%          4
 Foxfire                  Conj/Fire      16%        2x1d4     6%          1
 Magic Dart               Conj           16%        1d3       6%          1
 Mephitic Cloud           Conj/Pois/Air  10%        N/A       8%          3
 Searing Ray              Conj           8%         2d4       9%          2
 Iskenderun's Mystic Bla  Conj/Tloc      18%        2d6       9%          4
 Summon Lightning Spire   Summ/Air       13%        N/A       16%         4
 Call Canine Familiar     Summ           4%         N/A       17%         3
 Confusing Touch          Hex            4%         N/A       17%         3
 Dazzling Flash           Conj/Hex       8%         N/A       17%         3
 Inner Flame              Hex/Fire       4%         N/A       17%         3
 Ozocubu's Armour         Ice            4%         N/A       17%         3
 Dispersal                Tloc           15%        N/A       22%         6
 Arcjolt                  Conj/Air       6%         1d16      41%         5
 Silence                  Hex/Air        6%         N/A       41%         5
 Fulminant Prism          Conj/Hex       2%         3d5       47%         4
 Leda's Liquefaction      Hex/Erth       2%         N/A       47%         4
 Alistair's Intoxication  Tmut/Pois      6%         N/A       54%         5
 Freezing Cloud           Conj/Ice/Air   5%         6-21      54%         5
 Irradiate                Conj/Tmut      5%         3d13      54%         5
 Yara's Violent Unravell  Hex/Tmut       5%         3d4       54%         5
 Agony                    Necr           4%         N/A       82%         5
 Fireball                 Conj/Fire      2%         3d4       82%         5
 Iskenderun's Battlesphe  Conj           4%         2d6       82%         5
 Lee's Rapid Deconstruct  Erth           2%         3d4*      82%         5
 Metabolic Englaciation   Hex/Ice        2%         N/A       82%         5
 Conjure Ball Lightning   Conj/Air       6%         3x3d6     92%         6
 Plasma Beam              Fire/Air       6%         2x1d17    92%         6
 Eringya's Noxious Bog    Tmut/Pois      5%         4d6       98%         6
 Leda's Unmaking          Conj/Erth      2%         9d1       100%        6
 Simulacrum               Ice/Necr       2%         N/A       100%        6
 Starburst                Conj/Fire      2%         6d3       100%        6
 Enfeeble                 Hex            2%         N/A       100%        7
 Haunt                    Necr/Summ      2%         N/A       100%        7
 Orb of Destruction       Conj           2%         9d5       100%        7
 Summon Hydra             Summ           2%         N/A       100%        7
 Discord                  Hex            2%         N/A       100%        8
 Disjunction              Tloc           15%        N/A       100%        8
 Maxwell's Capacitive Co  Air            11%        ∞         100%        8
 Chain Lightning          Conj/Air       6%         3d8       100%        9
 Fire Storm               Conj/Fire      2%         8d1       100%        9
 Shatter                  Erth           2%         3d6*      100%        9
 Sublimation of Blood     Necr           Unusable   N/A       N/A         2

Dungeon Overview and Level Annotations

Branches:
Dungeon (15/15)            Temple (1/1) D:6            Lair (5/5) D:11
 Shoals (4/4) Lair:3        Snake (4/4) Lair:2        Slime (0/5) Lair:5
    Orc (2/2) D:12            Elf (3/3) Orc:2        Vaults (5/5) D:13
  Crypt (3/3) Vaults:2       Tomb (0/3) Crypt:3      Depths (4/4) D:15
    Zot (5/5) Depths:4    Ossuary (visited)         Gauntlet (visited)

Altars:
Ashenzari
Cheibriados
Dithmenos
Elyvilon
Fedhas
Gozag
Hepliaklqana
Kikubaaqudgha
Makhleb
Nemelex Xobeh
Okawaru
Qazlal
Ru
Sif Muna
Trog
Uskayaw
Vehumet
Wu Jian
Xom
Yredelemnul
Zin
The Shining One
Jiyva
Lugonu

Shops:
D:9 [   D:10 *   D:14 (   Orc:2 [[([   Elf:1 [:[   Snake:2 (   Snake:4 (**
Vaults:1 *   Vaults:2 (   Depths:3 [

Portals:
Hell: Depths:1 Depths:2 Depths:3 Depths:4
Abyss: Lair:5 Depths:3
Pandemonium: Depths:1 Depths:2 Depths:3
Ziggurat: Depths:3
Bazaar: Vaults:2

Annotations:
Lair:2 1 runed translucent door, jejorda2's ghost, journeyman GnBe
Lair:4 exclusion: oklob plant
Shoals:3 2 transporters, Sevouk's ghost, journeyman MeSh
Snake:2 2 transporters
Orc:2 3 runed translucent doors, exclusion: obsidian statue, mewnfare's ghost, adept OgBe
Elf:2 4 runed translucent doors, Lott's ghost, adept OpFi
Zot:2 1 transporter
Zot:3 2 transporters
Zot:4 1 transporter
Zot:5 2 transporters, 1 exclusion, SirDiesAlot's ghost, legendary BaSu


Innate Abilities, Weirdness & Mutations

You are a lightning-filled tempest!
Your electrical attacks strike out in all directions at once.
You are incredibly evasive.
Your insubstantial body is immune to petrification, constriction, and being set on fire You are flying.
Your armour is entirely melded.
You are incapable of wielding weapons or throwing items.
((You can breathe blasts of fire.))
((Your fiery red scales are hard. (AC +13)))
You cannot fit into any form of body armour.
You are immune to poison.
((Your flesh is very heat resistant. (rF++)))
((You are cold-blooded and may be slowed by cold attacks.))
You are weak. (Str -2)
Potions are less effective at restoring your health.
((You are vulnerable to cold. (rC-)))
You occasionally lose the ability to drink potions when taking damage.


Message History

Space momentarily warps into an impossible shape!
You buffet the chaos spawn!
Casting: Manifold Assault (mildly dangerous; 1% risk of failure)
Confirm with . or Enter, or press ? or * to list all spells.
Space momentarily warps into an impossible shape!
You blast the chaos spawn!!!
You kill the chaos spawn!
The Shining One accepts your kill.
You feel better.
You feel your power returning.
The chaos spawn degenerates into a cloud of primal chaos!
You start resting.
An Executioner and a large abomination come into view.
Casting: Manifold Assault (mildly dangerous; 1% risk of failure)
Confirm with . or Enter, or press ? or * to list all spells.
Charge where?
Press: ? - help, Dir - move target, f - Executioner
Aim: an Executioner (haloed, 87% to hit)
You charge forward with an electric crackle!
You buffet the Executioner!
You punch the Executioner.
The Executioner is moderately wounded.
Unknown command.
You closely miss the Executioner.
The Executioner is moderately wounded.
The Executioner hits you! The Executioner misses you. x2
You buffet the Executioner!
You punch the Executioner!
The Executioner is heavily wounded.
The Executioner hits you!
The Executioner completely misses you. x2
You barely miss the Executioner. Your punch misses the Executioner.
The Executioner is heavily wounded.
You blast the large abomination!!!
You destroy the large abomination!
The Shining One accepts your kill. The Executioner barely misses you.
The Executioner misses you. You block the Executioner's attack.
You blast the Executioner!!!
You kill the Executioner!
The Shining One accepts your kill.
You feel better.
You feel your power returning.
There is a staircase leading out of the dungeon here.
You have escaped!

####
#...#~.≈#≈≈§#
#..)#~.~#≈≈.#
#...#~.~#≈..#
#...#...#...#
#........[..#
#.).........#
#...........#
#..........^#
#.....v.....#
#......)....#
#############


There were no monsters in sight!

Vanquished Creatures
  4 pandemonium lords (D:1)
  3 dread liches
  3 ancient liches
  8 orbs of fire
  Mennas (Vaults:3)
  Mara (Vaults:3)
  3 juggernauts (Depths:3)
  Sojobo (Depths:2)
  Frederick (Vaults:5)
  4 Killer Klowns
  Bai Suzhen (Vaults:3)
  Saint Roka (Vaults:1)
  2 curse toes
  9 golden dragons
  the Enchantress (Depths:1)
  A bone dragon (Abyss:2)
  A Brimstone Fiend (D:1)
  4 electric golems
  A hellephant (Zot:1)
  A Tzitzimitl (D:1)
  2 doom hounds (Depths:2)
  2 Ice Fiends (D:1)
  Zenata (Elf:1)
  17 tentacled monstrosities
  Grunn (Depths:2)
  10 liches
  2 Hell Sentinels
  Jorgrun (Elf:1)
  39 Orb Guardians
  8 titans
  2 deep elf master archers (Elf:3)
  5 quicksilver dragons
  5 tentacled starspawn
  A deep elf blademaster (Elf:3)
  Frances (Snake:1)
  10 sphinxes
  An Executioner (D:1)
  2 ancient champions
  9 death cobs
  11 shadow dragons
  Agnes (Elf:1)
  8 tengu reavers
  10 storm dragons
  Ilsuiw (Shoals:3)
  3 nagarajas (Snake:4)
  4 draconian monks
  9 fire giants
  A revenant (Crypt:3)
  4 draconian knights
  3 iron dragons
  11 frost giants
  10 vault wardens
  Louise (Elf:2)
  7 draconian scorchers
  2 balrugs
  4 deep elf elementalists (Elf:3)
  7 deep elf sorcerers
  2 curse skulls (Crypt:3)
  7 ghost moths
  11 ghouls
  2 cacodemons
  4 spriggan defenders
  2 draconian stormcallers
  A juggernaut zombie (Crypt:3)
  6 draconian shifters
  3 draconian annihilators
  2 war gargoyles
  17 very ugly things
  An orc warlord (Orc:1)
  21 stone giants
  12 ironbound preservers
  A formless jellyfish (Shoals:3)
  6 green draconians
  6 ironbound thunderhulks
  5 deep elf demonologists
  10 red draconians
  15 dire elephants
  21 vampire knights
  10 deep elf annihilators
  Nessos (Lair:4)
  5 yellow draconians
  Azrael (Elf:1)
  9 purple draconians
  6 white draconians
  A spark wasp (Depths:3)
  6 black draconians
  2 minotaurs
  8 deep elf death magi
  A blizzard demon (Abyss:4)
  An eidolon (Crypt:3)
  2 green deaths
  11 yaktaur captains
  2 crystal guardians (Abyss:3)
  Josephine (Shoals:1)
  2 entropy weavers
  4 merfolk javelineers
  9 fire dragons
  14 great orbs of eyes
  13 ettins
  A merfolk impaler (Shoals:4)
  4 deep elf high priests
  32 vault guards
  2 great orbs of eyes (shapeshifter) (Abyss:3)
  A hydra (Lair:2)
  13 ice dragons
  6 spriggan air magi
  2 salamander tyrants
  5 jiangshi (Crypt:3)
  2 rakshasas
  2 hell beasts
  4 merfolk avatars
  8 ironbound frosthearts
  2 ogre magi
  4 anacondas (Snake:4)
  A catoblepas (Depths:4)
  4 boulder beetles
  22 centaur warriors
  3 merfolk aquamancers
  2 death knights
  An alligator snapping turtle (Shoals:2)
  6 tengu warriors
  30 dancing weapons
  9 deep troll shamans
  4 two-headed ogres
  9 satyrs
  9 naga warriors
  2 titan zombies (Crypt:3)
  15 naga sharpshooters
  A shock serpent (shapeshifter) (Lair:5)
  7 thrashing horrors
  9 deep troll earth magi
  2 shock serpents
  A titan skeleton (Crypt:2)
  19 hell knights
  5 spriggan berserkers
  9 vampire magi
  7 sun demons
  6 wretched stars (Abyss:4)
  12 iron trolls
  3 soul eaters
  3 shadow wraiths
  A fire crab (Gauntlet)
  6 anaconda zombies (Snake:4)
  2 death drakes (shapeshifter)
  6 deep elf knights
  4 sixfirhies
  A spatial maelstrom (Abyss:4)
  6 sea snakes
  9 skysharks
  37 skeletal warriors
  A spriggan rider (Depths:4)
  6 salamander mystics
  4 spectral anacondas (Snake:4)
  3 flayed ghosts
  4 naga ritualists
  17 ironbound convokers
  46 deep trolls
  6 glowing orange brains
  5 orc knights
  2 bog bodies
  23 deep elf pyromancers
  11 wizards
  5 lindwurms
  19 starcursed masses
  3 anaconda skeletons (Snake:4)
  25 phantasmal warriors
  12 deep elf archers
  Pikel (D:4)
  20 harpies
  11 necromancers
  29 deep elf zephyrmancers
  54 ugly things
  24 fauns
  A wolf spider zombie (Crypt:3)
  6 orc sorcerers
  6 mana vipers
  An elephant (D:11)
  4 cyclopes
  11 manticores
  21 moths of wrath
  Maurice (D:8)
  2 worldbinders (Abyss:4)
  3 guardian serpents
  27 black mambas
  A fire giant skeleton (Crypt:1)
  12 merfolk sirens
  A naga zombie (Crypt:3)
  An iron dragon skeleton (Crypt:2)
  A toenail golem (D:3)
  2 apocalypse crabs (Abyss:3)
  19 salamanders
  5 rust devils
  14 vault sentinels
  A shock serpent zombie (Crypt:3)
  21 naga magi
  Joseph (D:8)
  A torpor snail (Lair:4)
  4 orange demons
  9 water nymphs
  2 gargoyles
  A guardian serpent (shapeshifter) (Abyss:3)
  An eye of devastation (Abyss:4)
  6 smoke demons
  An elephant slug zombie (Crypt:3)
  3 hellions
  2 rime drakes
  8 cane toads
  A green draconian zombie (Crypt:3)
  An unseen horror (shapeshifter) (Elf:2)
  8 unseen horrors
  22 yaktaurs
  8 komodo dragons
  5 freezing wraiths
  An orb spider zombie (Crypt:3)
  An efreet (D:12)
  A tengu conjurer (D:15)
  5 ancient zymes
  3 anaconda simulacra (Snake:4)
  4 hellwings
  A queen bee (shapeshifter) (D:14)
  29 merfolk
  4 red devils
  A hydra zombie (Crypt:3)
  6 trolls
  2 polar bears
  7 wind drakes
  3 hornets
  14 snapping turtles
  3 raiju
  14 blink frogs
  10 dream sheep
  An ice dragon zombie (Crypt:1)
  11 large abominations
  18 flying skulls
  31 slime creatures
  4 spriggans
  A fire dragon skeleton (Crypt:2)
  A centaur simulacrum (D:14)
  60 yaks
  3 air elementals
  A vampire (D:12)
  20 wraiths
  6 wyverns
  17 water elementals
  4 ynoxinuls
  2 shadows
  2 steam dragons
  11 basilisks
  2 neqoxecs
  7 vampire mosquitoes
  7 chaos spawn
  3 fire elementals
  2 fire bats (Gauntlet)
  A redback (D:13)
  A water nymph zombie (Crypt:2)
  3 swamp worms (Gauntlet)
  40 nagas
  6 spatial vortices (Abyss:4)
  3 wargs
  2 acid dragons
  5 hell hounds (Elf:1)
  17 water moccasins
  34 orc warriors
  A sky beast (Abyss:3)
  5 ice beasts
  2 black bears
  4 boggarts (Vaults:1)
  9 ogres
  An elephant zombie (Crypt:3)
  9 centaurs
  5 wolves
  4 phantoms
  A swamp dragon skeleton (Crypt:1)
  10 bullfrogs
  2 gnoll sergeants (D:6)
  3 earth elementals (Elf:1)
  15 small abominations
  4 necrophages
  2 cyclops skeletons
  2 spriggan zombies
  A killer bee (D:10)
  A troll skeleton (Crypt:1)
  2 electric eels (D:6)
  3 howler monkeys (D:8)
  A centaur zombie (Ossuary)
  23 orc priests
  2 centaur skeletons (Crypt:2)
  2 gnoll boudas (D:7)
  2 human zombies (Ossuary)
  3 hounds
  An iron imp (Abyss:3)
  A jelly (D:4)
  2 sleepcaps (D:6)
  Natasha (D:2)
  2 iguanas
  24 orc wizards
  5 yak simulacra (Lair:5)
  6 hell rats
  2 polar bear simulacra (Lair:5)
  An ogre skeleton (Crypt:3)
  4 mummies (Ossuary)
  Robin (D:3)
  An adder (D:6)
  29 gnolls
  A howler monkey skeleton (Crypt:3)
  A shadow imp (D:8)
  A steam dragon skeleton (Crypt:1)
  A white imp (D:8)
  An ufetubus (D:7)
  An iguana zombie (Crypt:2)
  A jelly zombie (Crypt:3)
  3 worms
  3 dart slugs
  75 orcs
  A bat zombie (Crypt:1)
  6 endoplasms
  4 giant cockroaches
  2 gnoll zombies (Ossuary)
  18 goblins
  8 hobgoblins
  6 quokkas
  5 ball pythons
  8 bats
  9 frilled lizards
  A goblin zombie (Crypt:3)
  A hobgoblin zombie (Ossuary)
  6 kobolds
  2 kobold zombies (Ossuary)
  A quokka skeleton (Crypt:2)
  6 rats
  4 river rat simulacra (Lair:5)
  A lurking horror (Abyss:3)
  7 starspawn tentacles
2286 creatures vanquished.

Vanquished Creatures (collateral kills)
  Vashnia (Snake:4)
  A tengu reaver (Depths:2)
2 creatures vanquished.

Vanquished Creatures (others)
  A sphinx (Vaults:2)
  An ironbound preserver (Vaults:5)
  An ironbound frostheart (Vaults:2)
  A centaur warrior (Vaults:2)
  3 anacondas
  2 shock serpents (Snake:4)
  A hell knight (Vaults:5)
  A deep troll (Vaults:2)
  A sea snake (D:12)
  A mana viper (Snake:4)
  A faun (Shoals:4)
  2 manticores
  A salamander (Snake:4)
  A guardian serpent (Snake:4)
  An ugly thing (D:12)
  A naga mage (Snake:4)
  A water nymph (D:12)
  A hellion (D:1)
  A merfolk (Shoals:2)
  A dream sheep (Lair:3)
  A raiju (Lair:5)
  A spriggan (shapeshifter) (Abyss:3)
  A slime creature (D:12)
  3 water elementals
  2 yaks (Lair:5)
  2 nagas
  A water moccasin (Lair:2)
  A killer bee (D:10)
  2 lurking horrors (Abyss:3)
  12 starspawn tentacles
50 creatures vanquished.

Grand Total: 2338 creatures vanquished

Notes
Turn   | Place    | Note
-------+----------+-------------------------------------------
     0 | D:1      | bobo the Draconian Shapeshifter began the quest for the
                  | Orb.
     0 | D:1      | Reached XP level 1. HP: 16/16 MP: 1/1
   175 | D:1      | Reached XP level 2. HP: 10/23 MP: 2/2
   574 | D:1      | Found a faded altar of an unknown god.
   580 | D:1      | Got Plato's Lessons on the Summer
   581 | D:1      | Prayed at the altar of an unknown god.
   581 | D:1      | Became a worshipper of the Shining One
   581 | D:1      | Reached * piety under the Shining One
   706 | D:1      | Reached XP level 3. HP: 29/29 MP: 3/3
  1402 | D:2      | Noticed Natasha
  1404 | D:2      | Killed Natasha
  1405 | D:2      | Reached skill level 1 in Invocations
  1405 | D:2      | Reached XP level 4. HP: 36/36 MP: 4/4
  1964 | D:3      | Noticed Robin
  1990 | D:3      | Killed Robin
  2695 | D:4      | Noticed a phantom
  2708 | D:4      | Killed a phantom
  2709 | D:4      | Reached XP level 5. HP: 25/44 MP: 3/6
  3057 | D:4      | Noticed a lemure
  3057 | D:4      | Noticed a lemure
  3058 | D:4      | Noticed Pikel
  3058 | D:4      | Noticed a lemure
  3058 | D:4      | Noticed a lemure
  3099 | D:4      | Killed Pikel
  3100 | D:4      | Reached skill level 4 in Shapeshifting
  3100 | D:4      | Reached XP level 6. HP: 19/52 MP: 3/8
  3100 | D:4      | Your scales start taking on a fiery red colour.
  3100 | D:4      | Reached XP level 7. HP: 21/58 MP: 3/9
  3100 | D:4      | Gained mutation: Your flesh is heat resistant. (rF+) [Red
                  | Draconian growth]
  3685 | D:4      | Found a basalt altar of Yredelemnul.
  3842 | D:5      | Entered Level 5 of the Dungeon
  4051 | D:5      | Reached skill level 5 in Unarmed Combat
  4170 | D:5      | Noticed a yak
  4171 | D:5      | Noticed a yak
  4171 | D:5      | Noticed a yak
  4190 | D:5      | Killed a yak
  4191 | D:5      | Reached XP level 8. HP: 51/67 MP: 6/11
  4205 | D:5      | Reached skill level 5 in Fighting
  4603 | D:6      | Noticed a cyclops
  4608 | D:6      | Reached skill level 5 in Shapeshifting
  4626 | D:6      | Found a sand-covered staircase.
  4655 | D:6      | Reached skill level 5 in Invocations
  4667 | Ossuary  | Entered an ossuary
  4801 | Ossuary  | Reached ** piety under the Shining One
  4962 | Ossuary  | Reached skill level 5 in Dodging
  5076 | D:6      | Killed a cyclops
  5077 | D:6      | Reached XP level 9. HP: 75/75 MP: 12/12
  5184 | D:6      | Found a staircase to the Ecumenical Temple.
  5200 | Temple   | Entered the Ecumenical Temple
  6220 | D:7      | Reached *** piety under the Shining One
  6231 | D:7      | Reached skill level 6 in Shapeshifting
  6276 | D:7      | Found a snail-covered altar of Cheibriados.
  6413 | D:7      | Found an ancient bone altar of Kikubaaqudgha.
  6434 | D:7      | Found a broken altar of Ashenzari.
  6538 | D:7      | Found an opulent altar of Gozag.
  7027 | D:8      | Noticed Joseph
  7050 | D:8      | Killed Joseph
  7132 | D:8      | Found a glowing silver altar of Zin.
  7206 | D:8      | Reached XP level 10. HP: 19/86 MP: 3/13
  7638 | D:8      | Noticed Maurice
  7643 | D:8      | Paralysed by something for 5 turns
  7651 | D:8      | Paralysed by Maurice for 5 turns
  7659 | D:8      | Killed Maurice
  7991 | D:9      | Upgraded the game from 0.31-a0-538-gbc85326fa9 to
                  | 0.31-a0-542-gdc2a67831c
  8105 | D:9      | Found Morchirr's Antique Armour Boutique.
  8115 | D:9      | Bought a cloak for 126 gold pieces
  8163 | D:9      | Reached skill level 7 in Shapeshifting
  8214 | D:9      | Found a shimmering altar of Xom.
  8313 | D:9      | Noticed a tengu warrior
  8331 | D:9      | Noticed a deep elf pyromancer
  8335 | D:9      | Killed a tengu warrior
  8341 | D:9      | Killed a deep elf pyromancer
  8448 | D:9      | Noticed a cyclops
  8454 | D:9      | Noticed a death knight
  8513 | D:9      | Found a white marble altar of Elyvilon.
  8519 | D:9      | Fell from the grace of the Shining One
  8519 | D:9      | Became a worshipper of Elyvilon the Healer
  8519 | D:9      | Reached * piety under Elyvilon
  8538 | D:9      | Reached ** piety under Elyvilon
  8683 | D:9      | Reached XP level 11. HP: 94/97 MP: 14/14
  9100 | D:9      | Killed a death knight
  9304 | D:10     | Entered Level 10 of the Dungeon
  9329 | D:10     | Found a blossoming altar of Fedhas.
  9678 | D:10     | Found a radiant altar of Vehumet.
  9681 | D:10     | Found a shimmering blue altar of Sif Muna.
  9681 | D:10     | Found a shadowy altar of Dithmenos.
  9976 | D:10     | Found Riacau's Assorted Antiques.
 10216 | D:11     | Noticed a two-headed ogre
 10225 | D:11     | Killed a two-headed ogre
 10226 | D:11     | Reached skill level 8 in Shapeshifting
 10444 | D:11     | Reached *** piety under Elyvilon
 10617 | D:11     | Found a staircase to the Lair.
 10639 | D:11     | Reached skill level 10 in Fighting
 10989 | Lair:1   | Entered Level 1 of the Lair of Beasts
 11420 | Lair:1   | Reached **** piety under Elyvilon
 11554 | Lair:1   | Reached XP level 12. HP: 102/106 MP: 15/17
 11828 | Lair:1   | Reached skill level 10 in Unarmed Combat
 12292 | Lair:2   | Noticed a boulder beetle
 12294 | Lair:2   | Pacified a boulder beetle
 12517 | Lair:2   | Noticed a six-headed hydra
 12526 | Lair:2   | Pacified a six-headed hydra
 12698 | Lair:2   | Found a runed translucent door.
 12698 | Lair:2   | Found a shimmering altar of Xom.
 12698 | Lair:2   | Noticed jejorda2's ghost (journeyman GnBe)
 12707 | Lair:2   | Noticed a five-headed hydra
 12720 | Lair:2   | Killed a five-headed hydra
 12900 | Lair:2   | Identified a scroll of acquirement
 12907 | Lair:2   | Acquired a manual of Evocations
 13151 | Lair:2   | Found a staircase to the Snake Pit.
 13478 | Lair:2   | Reached skill level 9 in Shapeshifting
 13487 | Lair:2   | Reached skill level 1 in Evocations
 14634 | Lair:3   | Found a staircase to the Shoals.
 14735 | Lair:4   | Noticed Nessos
 14763 | Lair:3   | Reached XP level 13. HP: 59/116 MP: 7/19
 15871 | D:12     | Reached skill level 5 in Evocations
 15890 | D:12     | Reached skill level 10 in Dodging
 16064 | D:12     | Found a staircase to the Orcish Mines.
 16521 | Orc:1    | Entered Level 1 of the Orcish Mines
 16645 | Orc:2    | Entered Level 2 of the Orcish Mines
 16890 | Orc:2    | Found Neagigal's Antique Armour Shop.
 17181 | Orc:2    | Found a staircase to the Elven Halls.
 17199 | Orc:2    | Found Topp's Antique Armour Emporium.
 17276 | Orc:2    | Found a runed translucent gate.
 17326 | Orc:2    | Found a runed translucent gate.
 17326 | Orc:2    | Found an opulent altar of Gozag.
 17358 | Orc:2    | Found a runed translucent gate.
 17360 | Orc:2    | Noticed an orc warlord
 17360 | Orc:2    | Noticed mewnfare's ghost (adept OgBe)
 17618 | Orc:2    | Noticed an orc warlord
 17789 | Orc:1    | Killed an orc warlord
 18087 | Orc:2    | Found Goduel's Antique Weapon Emporium.
 18101 | Orc:2    | Found Nephizaw's Antique Armour Shoppe.
 18106 | Orc:2    | Bought a pair of fading gloves for 209 gold pieces
 18106 | Orc:2    | Identified the +1 pair of gloves of Infinity {Regen+ MP-9
                  | Str+5} (You bought it in a shop on level 2 of the Orcish
                  | Mines)
 18196 | Orc:2    | Bought a jewelled orb for 448 gold pieces
 18196 | Orc:2    | Identified the orb of Yrerph {mayhem, MP-9 Str+8 SInv} (You
                  | bought it in a shop on level 2 of the Orcish Mines)
 18591 | Lair:4   | Killed Nessos
 18592 | Lair:4   | Reached skill level 10 in Invocations
 18988 | Lair:4   | Reached ***** piety under Elyvilon
 19280 | Lair:4   | Reached XP level 14. HP: 101/127 MP: 10/21
 19291 | Lair:4   | Reached skill level 10 in Shapeshifting
 19435 | Lair:5   | Entered Level 5 of the Lair of Beasts
 19435 | Lair:5   | Found a staircase to the Slime Pits.
 19435 | Lair:5   | Found a viscous altar of Jiyva.
 20061 | Lair:5   | Found a corrupted altar of Lugonu.
 20061 | Lair:5   | Found a one-way gate to the infinite horrors of the Abyss.
 21113 | Snake:1  | Entered Level 1 of the Snake Pit
 21226 | Snake:1  | Noticed Frances
 21238 | Snake:1  | Killed Frances
 23191 | D:13     | Noticed Snorg
 23194 | D:13     | Snorg changed into Snorg the redback
 23194 | D:13     | Noticed Snorg
 23198 | D:13     | Killed Snorg the redback
 23444 | D:13     | Reached skill level 10 in Evocations
 23544 | D:13     | Found a gate to the Vaults.
 23608 | D:13     | Upgraded the game from 0.31-a0-542-gdc2a67831c to
                  | 0.31-a0-544-gceb718ecc6
 23627 | D:13     | Reached XP level 15. HP: 112/136 MP: 14/23
 24040 | Snake:2  | Found a transporter.
 24180 | Shoals:1 | Entered Level 1 of the Shoals
 24312 | Shoals:1 | Noticed a kraken
 24315 | Shoals:1 | Pacified a kraken
 24562 | Orc:2    | Bought a pair of boots for 144 gold pieces
 24599 | Elf:1    | Entered Level 1 of the Elven Halls
 24599 | Elf:1    | Noticed a deep elf sorcerer
 24599 | Elf:1    | Found a runed translucent gate.
 24599 | Elf:1    | Found a runed translucent gate.
 24599 | Elf:1    | Found a runed translucent gate.
 24599 | Elf:1    | Found a runed translucent gate.
 24599 | Elf:1    | Found a runed translucent gate.
 24599 | Elf:1    | Found a runed translucent gate.
 24600 | Elf:1    | Found a runed translucent door.
 24631 | Elf:1    | Noticed Jorgrun
 24648 | Elf:1    | Killed Jorgrun
 24802 | Elf:1    | Reached skill level 11 in Shapeshifting
 25072 | Snake:2  | Found a transporter.
 25088 | Snake:2  | Identified the amulet of Otipt {RegenMP rElec SInv}
 25377 | Snake:2  | HP: 3/137 [naga mage/splash of poison (6)]
 25378 | Snake:1  | Elyvilon protects you from harm!
 25742 | Snake:2  | Found Riagozeff's Weapon Shop.
 26614 | Snake:3  | Identified the staff "Rafewama" {Contam Drain rN+++ Stlth+
                  | Conj}
 27257 | Snake:4  | Entered Level 4 of the Snake Pit
 27290 | Snake:4  | Reached XP level 16. HP: 130/146 MP: 13/25
 27428 | Snake:4  | Found Ojolloyk's Weapon Emporium.
 27505 | Snake:3  | Upgraded the game from 0.31-a0-544-gceb718ecc6 to
                  | 0.31-a0-557-g6e16503903
 28630 | Snake:4  | Found Kec Izy's General Store.
 28632 | Snake:4  | Found Cod Utymid's Specific Store.
 28639 | Snake:4  | Bought a potion of heal wounds for 85 gold pieces
 28639 | Snake:4  | Bought a scroll of identify for 34 gold pieces
 28913 | Snake:4  | Noticed Vashnia
 29359 | Shoals:1 | Reached skill level 15 in Fighting
 29418 | Shoals:1 | Noticed Josephine
 29433 | Shoals:1 | Killed Josephine
 30125 | Shoals:2 | Reached skill level 12 in Shapeshifting
 30711 | Shoals:2 | Reached XP level 17. HP: 137/156 MP: 18/27
 31537 | Shoals:3 | Found a transporter.
 31546 | Shoals:3 | Found a transporter.
 31550 | Shoals:3 | Found a bloodstained altar of Trog.
 31550 | Shoals:3 | Noticed Sevouk's ghost (journeyman MeSh)
 31678 | Shoals:3 | Noticed Ilsuiw
 31715 | Shoals:3 | Killed Ilsuiw
 31825 | Shoals:3 | Paralysed by a formless jellyfish for 1 turns
 32136 | Shoals:4 | Entered Level 4 of the Shoals
 32836 | Shoals:4 | Reached skill level 15 in Unarmed Combat
 32915 | Shoals:4 | Identified the +8 war axe "Tixiubra" {speed, *Noise +Blink
                  | Will++ Int+4}
 32934 | Shoals:4 | Noticed a sphinx
 32965 | Shoals:4 | Pacified a sphinx
 33103 | Shoals:3 | Upgraded the game from 0.31-a0-557-g6e16503903 to
                  | 0.31-a0-564-g3b7de120b3
 33380 | Shoals:4 | Noticed a sphinx
 33384 | Shoals:4 | Pacified a sphinx
 33396 | Shoals:4 | Got a barnacled rune of Zot
 33423 | Shoals:4 | Noticed a sphinx
 33425 | Shoals:4 | Pacified a sphinx
 33745 | Snake:4  | Reached XP level 18. HP: 166/166 MP: 20/29
 33850 | Snake:4  | Killed Vashnia
 34022 | Snake:4  | Reached skill level 13 in Shapeshifting
 34050 | Snake:4  | Got a serpentine rune of Zot
 34138 | Snake:4  | Reached skill level 15 in Invocations
 35033 | Elf:1    | Found a runed translucent door.
 35041 | Elf:1    | Found Zycs's Book Emporium.
 35174 | Elf:1    | Found Jaippuj's Armour Emporium.
 35258 | Elf:1    | Noticed Azrael
 35274 | Elf:1    | Killed Azrael
 35411 | Elf:1    | Found Qitiekho's Antique Armour Emporium.
 35419 | Elf:1    | Bought a pair of fine boots for 285 gold pieces
 35419 | Elf:1    | Identified the +0 pair of boots "Lyts" {rCorr Slay+3} (You
                  | bought it in a shop on level 1 of the Elven Halls)
 35487 | Elf:1    | Paralysed by an air elemental for 1 turns
 35489 | Elf:1    | Paralysed by an air elemental for 1 turns
 35537 | Elf:1    | Noticed Zenata
 35555 | Elf:1    | Killed Zenata
 35726 | Elf:1    | Noticed Agnes
 35732 | Elf:1    | Killed Agnes
 35732 | Elf:1    | Paralysed by an air elemental for 1 turns
 35754 | Elf:1    | Paralysed by an air elemental for 1 turns
 35757 | Elf:1    | Paralysed by an air elemental for 1 turns
 36464 | Elf:2    | Found a runed translucent gate.
 36483 | Elf:2    | Found a runed translucent gate.
 36483 | Elf:2    | Found a runed translucent gate.
 36648 | Elf:2    | Noticed Louise
 36649 | Abyss:2  | Cast into level 2 of the Abyss (Louise)
 36660 | Abyss:2  | Noticed a bone dragon
 36669 | Abyss:2  | Killed a bone dragon
 36743 | Elf:2    | Escaped the Abyss
 36754 | Elf:2    | Killed Louise
 36824 | Elf:2    | Found a runed translucent door.
 36826 | Elf:2    | Found a shimmering altar of Xom.
 36826 | Elf:2    | Noticed Lott's ghost (adept OpFi)
 37056 | Elf:3    | Entered Level 3 of the Elven Halls
 37213 | Elf:3    | Reached XP level 19. HP: 177/177 MP: 22/31
 37591 | Elf:3    | Paralysed by an air elemental for 1 turns
 37901 | Elf:3    | Noticed a Brimstone Fiend
 38049 | Abyss:3  | Cast into level 3 of the Abyss (a deep elf sorcerer)
 38185 | Abyss:3  | Reached skill level 15 in Dodging
 38214 | Abyss:3  | Found a corrupted altar of Lugonu.
 38340 | Abyss:3  | Noticed a dread lich
 38383 | Elf:3    | Escaped the Abyss
 38675 | Elf:3    | Identified the +3 halberd of the Sheltering Gods {freeze,
                  | rF+}
 38706 | Abyss:3  | Cast into level 3 of the Abyss (a deep elf sorcerer)
 38747 | Elf:3    | Escaped the Abyss
 38946 | Elf:3    | Identified the +1 helmet of the Game of Life {rElec Int-2
                  | SInv}
 38986 | Elf:3    | Found the +5 demon whip "Spellbinder" {antimagic, disrupt,
                  | Will+}
 38995 | Elf:3    | Got the Monograph on Percussion and the Gang
 39002 | Elf:3    | Got the Folio of Cloudy Poison
 39009 | Elf:3    | Identified the +0 shortbow of Perversion {heavy, Dex+4}
 39010 | Elf:3    | Identified the +2 orcbow "Xuwero" {elec, +Blink rPois
                  | Int+3}
 39648 | D:14     | Found Peolunit's Antique Weapon Shop.
 39728 | D:14     | Found a gate leading to a gauntlet.
 39737 | Gauntlet | Entered a Gauntlet
 39737 | Gauntlet | Found a transporter.
 39737 | Gauntlet | Found a transporter.
 39737 | Gauntlet | Found a transporter.
 39738 | Gauntlet | Found a transporter.
 39741 | Gauntlet | Found a transporter.
 39741 | Gauntlet | Found a transporter.
 39753 | Gauntlet | Found a transporter.
 39757 | Gauntlet | Found a transporter.
 39769 | Gauntlet | Found a transporter.
 39873 | Gauntlet | Found a transporter.
 39875 | Gauntlet | Found a transporter.
 39888 | Gauntlet | Found a transporter.
 40205 | D:14     | Reached ****** piety under Elyvilon
 40255 | D:14     | Identified the +6 battleaxe of Stickiness {spect, rElec
                  | rN++}
 40428 | D:14     | Acquired 1067 gold pieces
 40645 | D:14     | Reached skill level 14 in Shapeshifting
 40856 | D:15     | Entered Level 15 of the Dungeon
 41593 | D:15     | Found a staircase to the Depths.
 41726 | Depths:1 | Entered Level 1 of the Depths
 41738 | Depths:1 | Reached XP level 20. HP: 187/187 MP: 23/32
 41863 | Depths:1 | Found a gateway to Hell.
 41928 | Vaults:1 | Entered Level 1 of the Vaults
 42371 | Vaults:1 | Reached skill level 15 in Shapeshifting
 42382 | Vaults:1 | Noticed Saint Roka
 42394 | Vaults:1 | Killed Saint Roka
 43035 | Vaults:1 | Found Tunupudgh's General Store.
 43356 | Vaults:2 | Identified the +1 flail of Incongruity {drain, rPois
                  | Will++}
 43412 | Vaults:2 | Found a staircase to the Crypt.
 43412 | Vaults:2 | Found an ancient bone altar of Kikubaaqudgha.
 43413 | Vaults:2 | Found a basalt altar of Yredelemnul.
 43425 | Vaults:2 | Reached skill level 16 in Shapeshifting
 43741 | Vaults:2 | Found Zieggut's Weapon Shop.
 44131 | Vaults:2 | Gained mutation: Your magical capacity is low. (-10% MP)
                  | [potion of mutation]
 44131 | Vaults:2 | Gained mutation: You are frail. (-10% HP) [potion of
                  | mutation]
 44131 | Vaults:2 | Gained mutation: Your muscles are strong. (Str +4, Int/Dex
                  | -1) [potion of mutation]
 44132 | Vaults:2 | Lost mutation: Your magical capacity is low. (-10% MP)
                  | [potion of mutation]
 44132 | Vaults:2 | Lost mutation: You are frail. (-10% HP) [potion of
                  | mutation]
 44132 | Vaults:2 | Lost mutation: Your muscles are strong. (Str +4, Int/Dex
                  | -1) [potion of mutation]
 44132 | Vaults:2 | Gained mutation: Potions are less effective at restoring
                  | your health. [potion of mutation]
 44132 | Vaults:2 | Gained mutation: Your muscles are strong. (Str +4, Int/Dex
                  | -1) [potion of mutation]
 44132 | Vaults:2 | Gained mutation: Your flesh is very heat resistant. (rF++)
                  | [potion of mutation]
 44132 | Vaults:2 | Gained mutation: You possess an exceptional clarity of
                  | mind. [potion of mutation]
 44195 | Vaults:2 | Found a gateway to a bazaar.
 44513 | Vaults:2 | Reached skill level 17 in Shapeshifting
 45135 | Vaults:3 | Noticed Bai Suzhen
 45140 | Vaults:3 | Noticed Mennas
 45369 | Depths:1 | Noticed the Enchantress
 45414 | Abyss:4  | Cast into level 4 of the Abyss (the Enchantress)
 45425 | Depths:1 | Escaped the Abyss
 45433 | Depths:1 | HP: 3/252 [the Enchantress/+4 rapier of distortion (17)]
 45434 | Depths:1 | Killed the Enchantress
 45434 | Depths:1 | Elyvilon protects you from harm!
 45435 | Depths:1 | Reached XP level 21. HP: 20/261 MP: 21/44
 45463 | Depths:1 | HP: 11/261 [vampire knight/+0 halberd (29)]
 45468 | Depths:1 | HP: 2/261 [vampire knight/+0 halberd (20)]
 45643 | Depths:1 | Reached skill level 18 in Shapeshifting
 45801 | Crypt:1  | Entered Level 1 of the Crypt
 46828 | Temple   | Fell from the grace of Elyvilon
 46828 | Temple   | Became a worshipper of the Shining One
 47192 | Crypt:2  | Reached **** piety under the Shining One
 47740 | Crypt:3  | Entered Level 3 of the Crypt
 47746 | Crypt:3  | Noticed an ancient lich
 47765 | Crypt:3  | Killed an ancient lich
 47766 | Crypt:3  | Reached skill level 19 in Shapeshifting
 47870 | Vaults:3 | Killed Bai Suzhen
 47929 | Vaults:3 | Noticed Mara
 47935 | Vaults:3 | Noticed bobo's illusion
 47937 | Vaults:3 | Killed Mara
 47985 | Vaults:3 | Killed Mennas
 48582 | Vaults:3 | Reached ***** piety under the Shining One
 48605 | Vaults:3 | Identified the +2 long sword of Imminent Death {speed,
                  | Dex+3}
 49260 | Vaults:4 | Learned a level 2 spell: Blink
 49265 | Vaults:4 | Learned a level 4 spell: Manifold Assault
 49268 | Vaults:4 | Learned a level 2 spell: Wereblood
 49413 | Vaults:4 | Reached skill level 20 in Shapeshifting
 49654 | Vaults:4 | Reached XP level 22. HP: 147/202 MP: 34/34
 50156 | Vaults:5 | Entered Level 5 of the Vaults
 50638 | Depths:1 | Found a one-way gate leading to the halls of Pandemonium.
 50713 | Depths:1 | Reached skill level 21 in Shapeshifting
 50751 | Depths:1 | Found a gateway to a bazaar.
 50777 | Bazaar   | Entered a bazaar
 50777 | Bazaar   | Found Pitweotu's Assorted Antiques.
 50777 | Bazaar   | Found Ahee's Jewellery Boutique.
 50820 | Bazaar   | Bought the ring "Riacush" {Wiz rC+ rCorr Int+4} for 812
                  | gold pieces
 50821 | Bazaar   | Found Poudat's Antique Weapon Emporium.
 50826 | Bazaar   | Found Lefa's Magic Scroll Shoppe.
 50834 | Bazaar   | Bought a scroll of teleportation for 27 gold pieces
 50834 | Bazaar   | Bought a scroll of teleportation for 27 gold pieces
 50864 | Bazaar   | Found Peag's Book Shoppe.
 51233 | Depths:1 | Reached skill level 1 in Spellcasting
 51233 | Depths:1 | Reached skill level 1 in Transmutations
 51306 | Depths:1 | Reached ****** piety under the Shining One
 51308 | Depths:1 | Reached skill level 1 in Translocations
 51468 | Depths:2 | Noticed Grunn
 51483 | Depths:2 | Killed Grunn
 51781 | Depths:2 | Found a hide-covered altar of Uskayaw.
 51840 | Depths:2 | Noticed Sojobo
 51849 | Depths:2 | Killed Sojobo
 51856 | Depths:2 | Identified the +3 scale mail of Ruosch {rElec Int+2}
 52451 | Crypt:3  | Found an ancient bone altar of Kikubaaqudgha.
 52722 | Crypt:3  | Reached XP level 23. HP: 211/211 MP: 23/35
 52774 | Crypt:3  | Found a basalt altar of Yredelemnul.
 52970 | Crypt:3  | Identified the +9 great sword of Araes {venom, +Blink rN+
                  | Str+3 Stlth+}
 52977 | Crypt:3  | Got the Book of the Shift
 52991 | Crypt:3  | Identified the +1 plate armour of Vemasoek {rElec rC+
                  | Str-3}
 53397 | Crypt:3  | Found a staircase to the Tomb.
 53718 | Vaults:5 | Noticed an ancient lich
 53721 | Vaults:5 | Reached skill level 5 in Translocations
 53722 | Vaults:5 | Identified the amulet "Ywox Dashecw" {Reflect +Blink Str+4
                  | SH+5}
 53730 | Vaults:5 | Reached skill level 5 in Spellcasting
 53732 | Vaults:5 | Killed an ancient lich
 53750 | Vaults:5 | Noticed a dread lich
 53772 | Vaults:5 | Paralysed by a dread lich for 4 turns
 53777 | Vaults:5 | Killed a dread lich
 54211 | Vaults:5 | Got the Cyclopedia of Metamorphic Ceraunoscopy
 54227 | Vaults:5 | Identified the +7 quarterstaff of Cheese {flame, rPois MP+9
                  | Str+3 Int-2}
 54324 | Vaults:5 | Noticed Frederick
 54329 | Vaults:5 | Killed Frederick
 54389 | Vaults:5 | Reached XP level 24. HP: 222/222 MP: 36/36
 54406 | Vaults:5 | Found the ring of the Tortoise {AC+8}
 54408 | Vaults:5 | Identified the +2 cloak of Starshine {rN+ Str+2 Stlth-}
 54411 | Vaults:5 | Identified the amulet of Gits {Faith rC+ rN+}
 54414 | Vaults:5 | Got Sif Muna's Volume of Hapless Firn
 54415 | Vaults:5 | Identified the +10 triple crossbow of the Glowing Gods
                  | {heavy, Str+3 Int+2 Dex-3}
 54417 | Vaults:5 | Identified the ring "Isul" {rC+ rN++ Str+5 SInv}
 54584 | Vaults:5 | Identified the +10 rapier of the Crushed Loafs {protect,
                  | +Blink Str+3}
 54684 | Vaults:5 | Identified the +3 bardiche "Jaidonuc" {protect, Drain Will+
                  | Int+5 Stlth+}
 54820 | Vaults:5 | Found the +3 pair of gauntlets of War {Slay+5}
 54928 | Vaults:5 | Got a silver rune of Zot
 56101 | Depths:3 | Found a glowing golden altar of the Shining One.
 56401 | Depths:3 | Noticed a juggernaut
 56405 | Depths:3 | Killed a juggernaut
 56555 | Depths:3 | Noticed a juggernaut
 56561 | Depths:3 | Killed a juggernaut
 56610 | Depths:3 | Noticed a juggernaut
 56619 | Depths:3 | Killed a juggernaut
 56637 | Depths:3 | Identified the +5 falchion of the Sea {venom, +Blink Int+3
                  | Dex-5}
 56948 | Depths:3 | Found Wotoeb's Armour Shop.
 57068 | Depths:3 | Found a one-way gateway to a ziggurat.
 57290 | Depths:3 | Voluntarily entered the Abyss.
 57337 | Abyss:4  | Got an abyssal rune of Zot
 57538 | Depths:3 | Escaped the Abyss
 57551 | Depths:4 | Entered Level 4 of the Depths
 57805 | Depths:4 | Learned a level 3 spell: Vhi's Electric Charge
 57865 | Depths:4 | Reached skill level 1 in Air Magic
 58308 | Depths:4 | Found the +10 morningstar "Eos" {elec, Halo rElec}
 58344 | Depths:4 | Reached skill level 22 in Shapeshifting
 58504 | Depths:4 | Reached XP level 25. HP: 221/232 MP: 36/36
 58578 | Depths:4 | Found a gate to the Realm of Zot.
 58585 | Depths:4 | Found a stormy altar of Qazlal.
 59413 | Zot:1    | Entered Level 1 of the Realm of Zot
 59809 | Zot:1    | Noticed an orb of fire
 59810 | Zot:1    | Gained mutation: You are vulnerable to cold. (rC-) [an orb
                  | of fire]
 59818 | Zot:1    | Killed an orb of fire
 60625 | Zot:2    | Found a transporter.
 60738 | Zot:3    | Noticed a Killer Klown
 60743 | Zot:3    | Killed a Killer Klown
 60974 | Zot:3    | Reached skill level 5 in Air Magic
 61001 | Zot:3    | Noticed an orb of fire
 61106 | Zot:3    | Found a transporter.
 61108 | Zot:3    | Found a transporter.
 61480 | Zot:3    | Noticed an orb of fire
 61494 | Zot:3    | Killed an orb of fire
 61814 | Zot:4    | Noticed an ancient lich
 62237 | Zot:4    | Found a transporter.
 62238 | Zot:4    | Noticed a dread lich
 62238 | Zot:4    | Noticed an orb of fire
 62239 | Zot:4    | Found a shimmering blue altar of Sif Muna.
 62864 | Zot:5    | Entered Level 5 of the Realm of Zot
 62992 | Zot:5    | Found a transporter.
 62993 | Zot:5    | Found a transporter.
 62993 | Zot:5    | Noticed SirDiesAlot's ghost (legendary BaSu)
 63000 | Zot:5    | Noticed an ancient lich
 63338 | Zot:5    | Reached XP level 26. HP: 244/244 MP: 36/36
 63419 | Zot:5    | Identified the +6 quarterstaff of Tepn {vamp, rPois rN+
                  | Str-2}
 63789 | Zot:5    | Noticed an orb of fire
 63795 | Zot:5    | Gained mutation: You occasionally lose the ability to drink
                  | potions when taking damage. [an orb of fire]
 63797 | Zot:5    | Killed an orb of fire
 63926 | Zot:5    | Noticed a dread lich
 63931 | Zot:5    | Killed a dread lich
 64406 | Zot:5    | Noticed an ancient lich
 64413 | Zot:5    | Killed an ancient lich
 64439 | Zot:5    | Noticed an orb of fire
 64444 | Zot:5    | Noticed an orb of fire
 64444 | Zot:5    | Lost mutation: You possess an exceptional clarity of mind.
                  | [an orb of fire]
 64444 | Zot:5    | Noticed a dread lich
 64447 | Zot:5    | Noticed an orb of fire
 64448 | Zot:5    | Killed an orb of fire
 64453 | Zot:5    | Noticed an orb of fire
 64454 | Zot:5    | Noticed an orb of fire
 64457 | Zot:5    | Killed an orb of fire
 64459 | Zot:5    | Killed a dread lich
 64462 | Zot:5    | Killed an orb of fire
 64462 | Zot:5    | Lost mutation: Your muscles are strong. (Str +4, Int/Dex
                  | -1) [an orb of fire]
 64464 | Zot:5    | Killed an orb of fire
 64466 | Zot:5    | Gained mutation: You are weak. (Str -2) [an orb of fire]
 64470 | Zot:5    | Killed an orb of fire
 65032 | Zot:5    | Got the Orb of Zot
 65959 | D:1      | Noticed Ysi Pamn the pandemonium lord
 65973 | D:1      | Killed Ysi Pamn the pandemonium lord
 66034 | D:1      | Noticed Coijuin the pandemonium lord
 66048 | D:1      | Killed Coijuin the pandemonium lord
 66095 | D:1      | Noticed Jiskie the pandemonium lord
 66099 | D:1      | Killed Jiskie the pandemonium lord
 66126 | D:1      | Noticed Wyveoser the pandemonium lord
 66130 | D:1      | Killed Wyveoser the pandemonium lord
 66160 | D:1      | Reached skill level 23 in Shapeshifting
 66374 | D:1      | Reached XP level 27. HP: 254/254 MP: 37/37
 66702 | D:$      | Escaped with the Orb!

Illustrated notes

Levels and vault maps discovered:
D:1:      lightli_arrival_quake, layout_loops_ring,
          shapermc_ecumenical_altar_rom_forum
D:2:      layout_basic, st_stairs_12, uniq_natasha
D:3:      kb_forest_paths, layout_basic, uniq_robin
D:4:      layout_basic, amcnicky_altar_gilded, uniq_pikel
D:5:      layout_rooms
D:6:      kennysheep_big_flooded_room, layout_basic,
          minmay_temple_entry_drinking_statues, enter_ossuary_3
D:7:      layout_basic, nicolae_gozag_cash_rules_everything_around_me,
          mainiacjoe_overflow_paths, mainiacjoe_overflow_tiny_flanked,
          kennysheep_mini_moat
D:8:      layout_loops_cross, nicolae_overflow_hidden_temple, uniq_maurice,
          uniq_joseph
D:9:      layout_basic, mainiacjoe_overflow_six_doors_small, elyvilon_altar_4,
          serial_shops, nicolae_shop_rolling_square, minmay_diamond_spiral
D:10:     layout_small_grid, fedhas_altar_2,
          gammafunk_temple_overflow_forgotten, serial_shops,
          nicolae_shop_window_shopping
D:11:     layout_basic, david_lair_generic, lemuel_another_geyser
D:12:     layout_basic, orc_0_dummy, serial_corexii_hall,
          corexii_hall_statues_t, chequers_hall_statues_y,
          corexii_hall_statues_i, corexii_hall_statues_i
D:13:     layout_basic, hellmonk_vaults_order_and_chaos, uniq_snorg
D:14:     layout_irregular_city, gauntlet_entry_generic, minmay_holes,
          serial_shops, nicolae_inconvenience_store
D:15:     hangedman_depths_entry_civil_slaughter, layout_cave_pods,
          hangedman_abyss_or_decor_clamps, lemuel_flamethrower_3
Temple:   nicolae_temple_two_arcs
Lair:1:   layout_chaotic_city, serial_bayou_shore_a, serial_bayou_shore_b,
          grunt_megastairs_5, infiniplex_staircase_pool
Lair:2:   layout_gridlike, alex1729_snake_entry_snake, ebering_ghost_xom
Lair:3:   layout_regular_city, minmay_shoals_entry_hut
Lair:4:   layout_long_grid, uniq_nessos
Lair:5:   hellmonk_lair_end_abyssal_woods, layout_cave_pods, slime_entry_1,
          eino_house_with_fridge, infiniplex_staircase_pool_2,
          serial_bayou_shore_b, serial_bayou_shore_b
Shoals:1: layout_shoals, uniq_josephine
Shoals:2: layout_shoals
Shoals:3: layout_shoals, gammafunk_ghost_wrathful_warriors, uniq_ilsuiw
Shoals:4: shoals_end_hellmonk_lost_city
Snake:1:  layout_layer_cave, nicolae_snake_biting_tails, uniq_frances
Snake:2:  gammafunk_its_a_trap, layout_onion_interference, serial_shops,
          nicolae_shop_back_alley_shop
Snake:3:  layout_rooms, nicolae_snake_double_loop, hangedman_venom_bottle
Snake:4:  johnstein_snake_rune_scales, layout_chambers, serial_shops,
          nicolae_shop_bloodbath_and_beyond, nicolae_specific_store,
          nicolae_snake_dead_anacondas, lemuel_fruit_tree, serial_bayou_shore_b,
          uniq_vashnia
Orc:1:    layout_diamond_mine
Orc:2:    grunt_orc_community_town_hall, layout_caves,
          grunt_orc_community_big_house_2, grunt_orc_community_big_house_1,
          grunt_orc_community_house_3, grunt_orc_community_house_1,
          grunt_orc_community_house_3, grunt_orc_community_house_2,
          grunt_orc_community_house_1, grunt_orc_community_house_3,
          ebering_ghost_gozag
Elf:1:    nicolae_elf_arrival_dilemma, layout_loops_cross, serial_shops, shop,
          shop, shop, kennysheep_underground_church, uniq_agnes, uniq_zenata,
          uniq_jorgrun, uniq_azrael
Elf:2:    nicolae_elf_blades_splatter_lattice
          [nicolae_blade_entry_diamond_columns], layout_geoelf_grid,
          ebering_ghost_xom, drop_trap, uniq_louise
Elf:3:    minmay_elf_hall_dome, layout_loops_corners, hangedman_decor_cross_pass
Vaults:1: hangedman_vaults_corner, nicolae_vaults_little_squares_4,
          vaults_room_grid, ontoclasm_vaults_gateway,
          nicolae_vaults_yaktaur_gun_rack, nicolae_vaults_tangram_1,
          nicolae_vaults_rhombus_6, layout_vaults_quadrants, serial_shops, shop,
          uniq_saint_roka
Vaults:2: minmay_crypt_entry_necro_gods, nicolae_vaults_house_2,
          vaults_room_pool, nicolae_vaults_disjoint_gnomons,
          nicolae_vaults_diamond_1, nicolae_vaults_frosty_reception,
          nicolae_vaults_taking_the_gang_shopping, serial_ice_b,
          nicolae_vaults_theta, vaults_mumra_hexcomb, v_misc_18,
          nicolae_vaults_tetromino_T_2, nicolae_vaults_theta,
          nicolae_vaults_little_squares_6, nicolae_vaults_angled_halls,
          vaults_dpeg_diagonal, layout_vaults_omnicross, serial_shops,
          statue_bzr
Vaults:3: ontoclasm_vaults_tryst, nicolae_vaults_offset_grid_hallway_4,
          nicolae_vaults_double_plus_1, v_rooms_5, ontoclasm_vaults_pinch,
          nicolae_vaults_shock_wave, nicolae_vaults_network_quinsquares
          [nicolae_vaults_network_quincunx_subvault,
          nicolae_vaults_network_quincunx_subvault,
          nicolae_vaults_network_quincunx_subvault,
          nicolae_vaults_network_quincunx_subvault],
          nicolae_vaults_storage_closets_3, v_misc_8,
          nicolae_vaults_storage_closets_1, grunt_vaults_trifunnel, v_pattern_5,
          layout_vaults_omnibox, uniq_mara, uniq_bai_suzhen, uniq_mennas
Vaults:4: nicolae_vaults_bisected_slash, nicolae_vaults_display_case,
          grunt_vaults_hallway_short, v_misc_18, serial_ice_h,
          hangedman_vaults_variations, v_rooms_4, vaults_dpeg_encased_lava,
          layout_vaults_big_room
Vaults:5: uniq_frederick
Crypt:1:  layout_misc_corridors
Crypt:2:  layout_misc_corridors, serial_glass, glass_columns_c, glass_columns_b
Crypt:3:  church_of_pain_bobbens, layout_chaotic_city,
          nicolae_tomb_entry_rubble_hallway, basic_altar
Depths:1: nzn_winding_woodlands_three_and_one
          [nzn_winding_woodlands_5x15_sawtooth,
          nzn_winding_woodlands_5x15_zeroes,
          nzn_winding_woodlands_5x15_longhouse,
          nzn_winding_woodlands_center_triple_pond], layout_basic,
          rand_demon_pan_entry_3, serial_shops, bzr_entry_dummy,
          hex_intersection, hell_entry, serial_glass, glass_columns_a,
          glass_columns_a, glass_columns_a, glass_columns_a, glass_columns_a,
          glass_columns_c, glass_columns_a, glass_columns_a, glass_columns_b,
          glass_columns_b, glass_columns_a, glass_columns_c, glass_columns_a,
          glass_columns_c, uniq_enchantress
Depths:2: kennysheep_funnel, layout_cave_shapes, nicolae_uskayaw_suspiria,
          grunt_pan_entry_zigzag, hell_entry, uniq_grunn, uniq_sojobo
Depths:3: kennysheep_large_spiral, layout_twisted_cross, enter_ziggurat_c,
          abyss_entry, pf_hell_entry_great_geh, serial_shops,
          nicolae_shop_advertising_works [nicolae_subvault_shop_adworks],
          grunt_pan_entry_in_and_out, tso_metal_star,
          infiniplex_staircase_9_rooms
Depths:4: regret_index_qazlal_generations, layout_basic, grunt_decor_one_mirror,
          hell_entry, serial_sigils, serial_sigils_hangedman_shear,
          serial_sigils_hangedman_writhe, serial_sigils_hangedman_confine,
          st_stairs_3, nrook_pool_corridor
Zot:1:    layout_basic, grunt_ministairs_13
Zot:2:    layout_misc_corridors, nicolae_diode_basic
Zot:3:    gammafunk_the_bubble [the_bubble_gammafunk_plus_minus], layout_basic
Zot:4:    gammafunk_sealed_library, layout_basic, grunt_megastairs_1
Zot:5:    layout_twisted_circle, gammafunk_ghost_mausoleum

Skill      XL: |  1  2  3  4  5  6  7  8  9 10 11 12 13 14 15 16 17 18 19 20 21 22 23 24 25 26 |
---------------+-------------------------------------------------------------------------------+-----
Dodging        | 2 3 4 5 6 7 8 9 10 11 12 13 14 15 16 17 18 19 | 19.2
Fighting       | 2 3 4 6 7 9 10 11 12 13 14 15 16 17 18 19 20 21 22 | 22.3
Invocations    | 1 2 3 4 5 7 8 10 11 12 13 14 16 17 18 19 21 | 21.2
Unarmed Combat | 4 5 6 7 8 9 10 11 12 13 14 15 16 17 18 19 20 | 20.7
Shapeshifting  | 4 5 6 7 8 9 10 11 12 13 14 17 20 21 22 23 | 23.0
Evocations     | 3 7 10 12 13 14 | 14.0
Spellcasting   | 3 6 |  6.0
Transmutations | 3 4 |  4.0
Translocations | 3 6 7 8 9 |  9.0
Air Magic      | 2 6 |  6.0

Action                     |  1- 3 |  4- 6 |  7- 9 | 10-12 | 13-15 | 16-18 | 19-21 | 22-24 | 25-27 || total
---------------------------+-------+-------+-------+-------+-------+-------+-------+-------+-------++-------
  Melee: Unarmed           |   106 |   108 |   236 |   614 |  1346 |  1345 |  1282 |   816 |   664 ||  6517
         Tailslap          |     9 |    14 |    53 |   122 |   294 |   286 |   280 |       |       ||  1058
         Punch             |     3 |     2 |    11 |       |       |    85 |   174 |   114 |    99 ||   488
         Maw               |       |       |       |       |       |   184 |   275 |       |       ||   459
   Cast: Manifold Assault  |       |       |       |       |       |       |       |    39 |   121 ||   160
         Wereblood         |       |       |       |       |       |       |       |     9 |     7 ||    16
         Vhi's Electric Ch |       |       |       |       |       |       |       |     3 |    22 ||    25
 Invoke: Divine Shield     |       |     2 |     2 |     1 |       |       |     4 |     4 |     2 ||    15
         Heal Other        |       |       |       |    16 |    22 |    30 |     1 |       |       ||    69
         Purification      |       |       |       |     8 |    13 |     8 |     7 |       |       ||    36
         Heal Self         |       |       |       |       |     5 |     3 |     8 |       |       ||    16
         Divine Vigour     |       |       |       |       |     1 |       |     4 |       |       ||     5
         Cleansing Flame   |       |       |       |       |       |       |     1 |     2 |       ||     3
Ability: Breathe Fire      |       |       |    17 |    18 |    81 |    58 |    23 |       |       ||   197
         Blinkbolt         |       |       |       |       |       |       |     3 |     5 |     6 ||    14
         Evoke Blink       |       |       |       |       |       |       |       |     2 |       ||     2
  Evoke: Wand              |       |       |       |     1 |    27 |    19 |    12 |       |       ||    59
         Phial of floods   |       |       |       |       |       |     2 |     1 |     1 |     1 ||     5
         Phantom mirror    |       |       |       |       |       |     2 |     5 |     1 |     4 ||    12
         Condenser vane    |       |       |       |       |       |     2 |     3 |     1 |     2 ||     8
         Lightning rod     |       |       |       |       |       |       |     6 |       |       ||     6
    Use: Potion            |     1 |       |     5 |     3 |     3 |    10 |    14 |     6 |     2 ||    44
         Scroll            |       |       |    17 |    10 |    15 |     8 |    13 |     4 |     1 ||    68
   Stab: Paralysed         |       |       |       |       |     8 |       |     2 |       |       ||    10
         Distracted        |       |       |       |       |       |     1 |     1 |       |       ||     2
         Invisible         |       |       |       |       |       |     1 |       |       |       ||     1
         Sleeping          |       |       |       |       |       |     1 |       |       |       ||     1
 Armour: Skin              |    32 |    25 |    70 |   211 |   343 |   346 |   285 |    88 |    72 ||  1472
  Dodge: Dodged            |    56 |    50 |   170 |   391 |  1010 |  1121 |   891 |   712 |   488 ||  4889
  Block: Other             |       |     5 |     6 |     7 |   112 |   314 |   263 |   218 |    88 ||  1013
         Reflection        |       |       |       |       |    10 |    43 |    22 |    19 |       ||    94
   Form: Flux              |       |       |     1 |       |       |       |       |       |       ||     1
         Maw               |       |       |       |       |       |     1 |     1 |       |       ||     2
                           |       |       |       |       |       |       |     1 |     1 |       ||     2
         Anaconda          |       |       |       |       |       |       |     1 |       |       ||     1
         Storm             |       |       |       |       |       |       |     1 |     1 |       ||     2

Table legend: (Time is in decaauts)
 A = Elapsed time spent in this place.
 B = Non-inter-level travel time spent in this place.
 C = Inter-level travel time spent in this place.
 D = Time resting spent in this place.
 E = Time spent auto-exploring this place.
 F = Levels seen in this place.
 G = Mean time per level.
                   A        B        C        D        E       F      G
               +--------+--------+--------+--------+--------+-----+--------+
         Total |  65446 |  59363 |   6083 |   7110 |  37930 |  59 | 1109.3 |
       Dungeon |  17111 |  15167 |   1944 |   1352 |  11120 |  15 | 1140.7 |
        Temple |     23 |      3 |     20 |      0 |      0 |   1 |   23.0 |
          Lair |   6953 |   6163 |    790 |    270 |   4506 |   5 | 1390.6 |
        Shoals |   4695 |   4378 |    317 |    598 |   2122 |   4 | 1173.8 |
     Snake Pit |   7322 |   6739 |    583 |   1144 |   4015 |   4 | 1830.5 |
  Orcish Mines |   2062 |   1780 |    282 |    352 |    568 |   2 | 1031.0 |
   Elven Halls |   3850 |   3745 |    105 |    574 |   1899 |   3 | 1283.3 |
        Vaults |   7721 |   6549 |   1172 |    799 |   4386 |   5 | 1544.2 |
         Crypt |   2570 |   2239 |    331 |      0 |   1607 |   3 |  856.7 |
        Depths |   6033 |   5660 |    373 |    746 |   3757 |   4 | 1508.2 |
           Zot |   5648 |   5485 |    163 |   1177 |   3435 |   5 | 1129.6 |
         Abyss |    634 |    634 |      0 |     67 |     56 |   5 |  126.8 |
        Bazaar |    106 |    106 |      0 |      0 |     92 |   1 |  106.0 |
       Ossuary |    357 |    357 |      0 |      0 |    241 |   1 |  357.0 |
      Gauntlet |    355 |    355 |      0 |     29 |    125 |   1 |  355.0 |
               +--------+--------+--------+--------+--------+-----+--------+

Top non-repeatable levels by time:
 Snake:4: 2520 daAuts
 Snake:1: 2223 daAuts
   Zot:5: 2171 daAuts
Vaults:3: 1941 daAuts
Depths:4: 1902 daAuts
Vaults:1: 1868 daAuts
    D:12: 1853 daAuts
     D:1: 1715 daAuts
Depths:1: 1677 daAuts
  Lair:2: 1671 daAuts
   Elf:3: 1616 daAuts
Depths:3: 1564 daAuts
  Lair:5: 1553 daAuts
   Orc:2: 1496 daAuts
Vaults:2: 1414 daAuts
